 Dungeon Crawl Stone Soup version 0.20-a0-1078-g4874019 (webtiles) character file.

6887 FastMan the Cleaver (level 11, -3/71 HPs)
             Began as a Gargoyle Fighter on May 1, 2017.
             Was a High Priest of Okawaru.
             Splashed by Joseph's acid (11 damage)
             ... on level 10 of the Dungeon.
             The game lasted 00:07:56 (8391 turns).

FastMan the Cleaver (Gargoyle Fighter)              Turns: 8391, Time: 00:07:56

Health: -3/71      AC: 30    Str: 20    XL:     11   Next: 6%
Magic:  0/14       EV: 15    Int: 10    God:    Okawaru [*****.]
Gold:   297        SH:  0    Dex: 16    Spells: 10/10 levels left

rFire    + + .     SeeInvis .   a - +0 battleaxe
rCold    . . .     Gourm    .   (shield currently unavailable)
rNeg     + . .     Faith    .   e - +1 plate armour {rF+}
rPois    ∞         Spirit   +   B - +2 helmet
rElec    +         Reflect  .   c - scarf {Spirit}
rCorr    .         Harm     .   A - +0 pair of gloves
MR       +....                  (no boots)
Stlth    ..........             (no amulet)
Regen    0.3/turn               C - ring of protection from magic
MPRegen  0.2/turn               x - ring of protection from fire

@: agile, heroism, hasted, very quick
A: negative energy resistance 1, electricity resistance, unbreathing,
petrification resistance, rot immunity, AC +7
a: Heroism, Finesse, Renounce Religion


You were on level 10 of the Dungeon.
You worshipped Okawaru.
Okawaru was extremely pleased with you.
You were not hungry.

You visited 2 branches of the dungeon, and saw 11 of its levels.

You collected 297 gold pieces.

Inventory:

Hand Weapons
 a - a +0 battleaxe (weapon)
 z - a +0 war axe
Armour
 c - a scarf of spirit shield (worn)
 e - a +1 plate armour of fire resistance (worn)
 A - a +0 pair of gloves (worn)
 B - a +2 helmet (worn)
Jewellery
 x - a ring of protection from fire (right hand)
 C - a ring of protection from magic (left hand)
Scrolls
 b - a scroll of noise {unknown}
 i - a scroll of blinking {@r4}
 n - a scroll of fog
 p - 3 scrolls of identify {@r1}
 r - 3 scrolls of teleportation {@r3}
 s - a scroll of immolation {unknown}
Potions
 d - a potion of might {@q4}
 g - a potion of agility {@q5}
 h - a potion of heal wounds {@q2}
 j - 6 potions of curing {@q1}
 m - 2 potions of lignification
 w - a potion of cancellation {unknown}
Comestibles
 f - 11 bread rations {@e1}
 k - 4 fruits {@e4}
 o - 2 chunks of flesh
 q - a royal jelly {@e3}
 t - 3 meat rations {@e2}


   Skills:
 + Level 9.4(14.4) Fighting
 * Level 10.5(15.5) Axes
 + Level 9.3(14.3) Armour
   Level 3.2(8.2) Shields
 + Level 4.6 Invocations


You had 10 spell levels left.
You didn't know any spells.

Dungeon Overview and Level Annotations

Branches:
Dungeon (10/15)            Temple (1/1) D:6             Orc (0/2) D:9
   Lair: D:8-11

Altars:
Ashenzari
Cheibriados
Dithmenos
Elyvilon
Fedhas
Gozag
Hepliaklqana
Kikubaaqudgha
Makhleb
Nemelex Xobeh
Okawaru
Qazlal
Ru
Sif Muna
Trog
Uskayaw
Vehumet
Wu Jian
Xom
Zin
The Shining One

Portals:
Sewer: D:4

Annotations:
D:7 exclusion: downstairs
D:10 Fannar, Joseph


Innate Abilities, Weirdness & Mutations

You are resistant to torment.
Your stone body is resilient. (AC +7)
You are immune to poison.
You resist negative energy. (rN+)
You are resistant to electric shocks. (rElec)
You can survive without breathing.
You are immune to petrification.
You are immune to rotting.


Message History

The ice beast is moderately wounded.
You slash the ice beast!
The ice beast is almost dead.
The ice beast barely misses you.
You hit the ice beast.
You kill the ice beast!
Joseph unwields an uncursed hunting sling.
Joseph wields an uncursed quarterstaff.
Joseph hits you but does no damage.
You see here a sling bullet.
You slash Joseph!
Joseph is severely wounded.
You slash Fannar!
Fannar says, "Does this not give you the chills?"
Fannar barely misses you.
You barely miss Joseph.
Joseph is severely wounded.
You slash Fannar!
Joseph zaps a wand.
The bolt of acid hits you!
* * * LOW HITPOINT WARNING * * *
You are splashed with acid!
The acid burns!
You die...

#.. #.. #..###
#.. .. ...# #.#
#. ##
#.#######.# #.
#.. #......##.#
#.
#..###(####.##.#
#) #......#
#.##.# #.
#.##.##(###
#.##.# #.
.#.....#@#
#....#####.
.......e@#
####)(.....
.####.†###
#######. .....
#. ....... ##
.###.## .. ..
...


You could see Fannar and Joseph.

Vanquished Creatures
  3 two-headed ogres (D:8)
  Nergalle (D:10)
  A gargoyle (D:10)
  Prince Ribbit (D:9)
  A hornet (D:9)
  A hippogriff (D:8)
  A spriggan (D:7)
  A black bear (D:8)
  2 ice beasts (D:7)
  3 sky beasts
  2 orc warriors
  2 phantoms
  A necrophage (D:8)
  An ogre (D:8)
  5 centaurs
  A big kobold (D:8)
  3 bullfrogs
  2 scorpions
  2 water moccasin skeletons
  6 killer bees (D:8)
  3 wights (D:8)
  3 howler monkeys
  5 crimson imps
  A bullfrog zombie (D:5)
  2 orc priests
  A centaur skeleton (D:7)
  5 hounds
  A bullfrog skeleton (D:8)
  An iguana (D:10)
  7 orc wizards
  4 worker ants
  2 hound skeletons
  A worker ant zombie (D:9)
  6 adders
  An ooze (D:3)
  4 worms
  A dart slug (D:2)
  8 leopard geckos
  20 orcs
  7 giant cockroaches
  4 goblins
  6 jackals
  2 quokkas
  2 ball pythons
  7 bats
  3 frilled lizards
  15 kobolds
  A leopard gecko skeleton (D:4)
  9 rats
172 creatures vanquished.

Vanquished Creatures (others)
  12 toadstools (D:6)
12 creatures vanquished.

Grand Total: 184 creatures vanquished

Notes
Turn   | Place    | Note
-------+----------+-------------------------------------------
     0 | D:1      | FastMan the Gargoyle Fighter began the quest for the Orb.
     0 | D:1      | Reached XP level 1. HP: 14/14 MP: 1/1
    52 | D:1      | Reached skill level 2 in Axes
   363 | D:1      | Reached XP level 2. HP: 19/19 MP: 2/2
   567 | D:2      | Found a shadowy altar of Dithmenos.
   684 | D:2      | Found a hazy altar of Hepliaklqana.
   696 | D:2      | Found a glowing golden altar of the Shining One.
   801 | D:2      | Reached XP level 3. HP: 22/24 MP: 3/3
   816 | D:2      | Found a shattered altar of Ashenzari.
  1145 | D:3      | Reached XP level 4. HP: 29/29 MP: 4/4
  1296 | D:3      | Reached skill level 3 in Axes
  1346 | D:3      | Reached XP level 5. HP: 11/33 MP: 5/5
  1955 | D:3      | Found a white marble altar of Elyvilon.
  2443 | D:4      | Reached skill level 4 in Axes
  2443 | D:4      | Reached XP level 6. HP: 39/39 MP: 6/6
  2617 | D:4      | Found a glowing drain.
  2647 | D:5      | Entered Level 5 of the Dungeon
  2700 | D:5      | Noticed a phantom
  2760 | D:5      | Killed a phantom
  2760 | D:5      | Reached skill level 5 in Fighting
  2814 | D:5      | Noticed a sky beast
  2832 | D:5      | Killed a sky beast
  2832 | D:5      | Reached skill level 5 in Axes
  2832 | D:5      | Reached skill level 5 in Armour
  2832 | D:5      | Reached XP level 7. HP: 24/44 MP: 7/7
  4073 | D:6      | Found a staircase to the Ecumenical Temple.
  4123 | D:6      | Reached XP level 8. HP: 50/51 MP: 8/8
  4172 | Temple   | Entered the Ecumenical Temple
  4379 | Temple   | Became a worshipper of Warmaster Okawaru
  4473 | D:7      | Reached skill level 6 in Axes
  5093 | D:7      | Noticed a spriggan baker
  5103 | D:7      | Killed a spriggan baker
  5103 | D:7      | Reached * piety under Okawaru
  5153 | D:7      | Reached skill level 7 in Axes
  5261 | D:8      | Noticed a two-headed ogre
  5929 | D:7      | Reached XP level 9. HP: 56/56 MP: 9/9
  6034 | D:8      | Reached skill level 8 in Axes
  6433 | D:8      | Noticed a two-headed ogre
  6457 | D:8      | Killed a two-headed ogre
  6457 | D:8      | Reached ** piety under Okawaru
  6740 | D:8      | Reached skill level 9 in Axes
  6805 | D:8      | Reached skill level 1 in Invocations
  6814 | D:8      | Reached XP level 10. HP: 63/64 MP: 10/10
  6857 | D:8      | Killed a two-headed ogre
  6857 | D:8      | Reached *** piety under Okawaru
  7369 | D:8      | Noticed a two-headed ogre
  7373 | D:8      | Killed a two-headed ogre
  7373 | D:8      | Reached **** piety under Okawaru
  7455 | D:9      | Found an ancient bone altar of Kikubaaqudgha.
  7457 | D:9      | Found a radiant altar of Vehumet.
  7457 | D:9      | Found a sparkling altar of Nemelex Xobeh.
  7476 | D:9      | Found a bloodstained altar of Trog.
  7476 | D:9      | Found a shattered altar of Ashenzari.
  7477 | D:9      | Found a burning altar of Makhleb.
  7709 | D:9      | Noticed Prince Ribbit
  7728 | D:9      | Killed Prince Ribbit
  7728 | D:9      | Reached skill level 10 in Axes
  7792 | D:9      | Found an iron altar of Okawaru.
  7813 | D:9      | Noticed a moth of wrath
  7817 | D:9      | Found a bloodstained altar of Trog.
  7855 | D:9      | Found an ornate altar of the Wu Jian Council.
  7875 | D:9      | Found a staircase to the Orcish Mines.
  7944 | D:10     | Entered Level 10 of the Dungeon
  7952 | D:10     | Noticed a gargoyle
  7960 | D:10     | Killed a gargoyle
  7995 | D:10     | Noticed Nergalle
  8008 | D:10     | Killed Nergalle
  8008 | D:10     | Reached ***** piety under Okawaru
  8010 | D:10     | Reached XP level 11. HP: 32/71 MP: 6/14
  8337 | D:10     | Noticed Joseph
  8342 | D:10     | Noticed Fannar
  8391 | D:10     | Splashed by Joseph's acid

Vault maps used:
D:1:      mushboom_english_gardens
D:2:      nicolae_dithmenos_through_a_glass_darkly,
          amethyst_overflow_temple_binary, ashenzari_altar_1
D:3:      wad_river_or_something, kennysheep_ying_yang, uniq_natasha
D:4:      first_bread, portal_sewer_entry_d
D:5:      feat_on_display
D:6:      cheibrodos_fertilizer, minmay_temple_entry_poolview, uniq_sigmund,
          uniq_edmund
D:7:      the_bakery, kennysheep_generic_room_13
D:8:      st_stairs_11
D:9:      grunt_temple_overflow_open, old_standard_altar, orc_0_dummy,
          basic_altar, tgw_trog, uniq_prince_ribbit1
D:10:     uniq_joseph, uniq_fannar, uniq_nergalle
Temple:   dpeg_chambers_temple

Skill      XL: |  1  2  3  4  5  6  7  8  9 10 |
---------------+-------------------------------+-----
Axes           | 2 3 4 5 7 9 10 | 10.5
Armour         | 4 5 6 8 9 |  9.3
Fighting       | 4 5 6 8 9 |  9.4
Invocations    | 1 4 |  4.6
Shields        | |  3.2

Action                   |  1- 3 |  4- 6 |  7- 9 | 10-12 || total
-------------------------+-------+-------+-------+-------++-------
Melee: War axe           |   114 |   217 |    23 |       ||   354
       Battleaxe         |       |       |   274 |   261 ||   535
Invok: Heroism           |       |       |     2 |     4 ||     6
  Use: Scroll            |       |       |    14 |       ||    14
       Potion            |       |       |     4 |     2 ||     6
  Eat: Chunk             |     1 |     6 |     7 |     3 ||    17
       Bread ration      |       |       |     1 |     1 ||     2
Armor: Scale mail        |    69 |   115 |   184 |       ||   368
       Plate armour      |       |       |    86 |   291 ||   377
Dodge: Dodged            |    45 |    61 |   167 |   121 ||   394
Block: Shield            |    64 |    87 |    13 |       ||   164
